 Dungeon Crawl Stone Soup version 0.29.1-12-g30fa7ad0bf (webtiles) character file.

Game seed: 6846426564682868912

24735 retardedninja the Severer (level 12, -12/110 HPs)
             Began as a Minotaur Fighter on Jan 6, 2023.
             Was an Initiate of Gozag.
             Mangled by Rupert
             ... wielding a +4 executioner's axe of flaming
              (41 damage)
             ... on level 13 of the Dungeon on Jan 9, 2023.
             The game lasted 00:25:59 (12566 turns).

retardedninja the Severer (Minotaur Fighter)       Turns: 12566, Time: 00:26:00

Health: -12/110    AC: 27    Str: 24    XL:     12   Next: 83%
Magic:  20/20      EV:  7    Int:  5    God:    Gozag
Gold:   720        SH:  7    Dex: 18    Spells: 11/11 levels left

rFire   . . .      SeeInvis .   a - +4 war axe (flame)
rCold   . . .      Faith    .   c - +0 buckler
rNeg    . . .      Spirit   .   E - +1 plate armour
rPois   .          Reflect  .   h - +3 hat of Maskogia {Fly Regen+ MP+9}
rElec   +          Harm     .   u - +0 cloak
rCorr   .          Rampage  +   f - +2 pair of gloves
Will    .....                   y - +2 pair of boots
Stlth   ..........              r - amulet of Eternity {RegenMP Rampage +Blink rElec}
HPRegen 1.08/turn               m - +6 ring of dexterity
MPRegen 0.57/turn               F - +4 ring of slaying

@: gold aura, on berserk cooldown, flying, slowed, very slow
A: horns 2, retaliatory headbutt
a: Renounce Religion, Evoke Blink, Potion Petition, Call Merchant, Bribe Branch


You were on level 13 of the Dungeon.
You worshipped Gozag.
Gozag was pleased with you.
You visited 2 branches of the dungeon, and saw 14 of its levels.
You also visited: Sewer and Bailey.

You collected 2839 gold pieces.
You spent 1350 gold pieces at shops.
You paid 769 gold pieces to Gozag.

Inventory:

Hand Weapons
 a - a +4 war axe of flaming (weapon)
 H - the +6 arbalest "Damnation" {damnation}
   (You found it on level 10 of the Dungeon)

   Any ammunition fired from it explodes in a burst of damnation on striking a
   foe, dealing damage which bypasses armour.
Missiles
 t - a throwing net
Armour
 c - a +0 buckler (worn)
 f - a +2 pair of gloves (worn)
 h - the +3 hat of Maskogia (worn) {Fly Regen+ MP+9}
   (You acquired it on level 2 of the Dungeon)

   MP:        It affects your magic capacity (+9).
   Fly:       It grants you flight.
   Regen:     It increases your rate of health regeneration.
 u - a +0 cloak (worn)
 y - a +2 pair of boots (worn)
 E - a +1 plate armour (worn)
Jewellery
 m - a +6 ring of dexterity (left hand)
 r - the amulet of Eternity (around neck) {RegenMP Rampage +Blink rElec}
   (You found it on level 8 of the Dungeon)

   [amulet of magic regeneration]

   It increases your rate of magic regeneration.
   rElec:     It insulates you from electricity.
   +Blink:    It lets you blink.
   Rampage:   It bestows one free step when moving towards enemies.
 F - a +4 ring of slaying (right hand)
 I - an amulet of reflection
Wands
 i - a wand of polymorph (14)
 v - a wand of digging (8)
 z - a wand of acid (7)
 A - a wand of flame (22)
 G - a wand of iceblast (5) (quivered)
Scrolls
 j - 3 scrolls of vulnerability
 k - 3 scrolls of immolation
 o - 8 scrolls of teleportation
 s - a scroll of torment
 B - 2 scrolls of magic mapping
 C - a scroll of fog
Potions
 b - 2 potions of curing
 d - 3 potions of cancellation
 e - 2 potions of ambrosia
 l - a potion of heal wounds
 n - 5 potions of mutation
 q - 6 potions of flight
 w - 3 potions of attraction
 D - 2 potions of magic


   Skills:
 + Level 11.4 Fighting
 * Level 17.3 Axes
 + Level 11.4 Armour
 + Level 11.5 Shields
 + Level 4.9 Evocations


You had 11 spell levels left.
You didn't know any spells.
Your spell library contained the following spells:

 Spells                   Type           Power      Damage    Failure   Level
 Apportation              Tloc           0%         N/A       100%        1
 Necrotise                Necr           0%         1d4       100%        1
 Shock                    Conj/Air       0%         1d3       100%        1
 Summon Small Mammal      Summ           0%         N/A       100%        1
 Sublimation of Blood     Necr           0%         N/A       100%        2
 Dazzling Flash           Conj/Hex       0%         N/A       100%        3
 Frozen Ramparts          Ice            0%         1d1       100%        3
 Ozocubu's Armour         Ice            0%         N/A       100%        3
 Swiftness                Air            0%         N/A       100%        3
 Vampiric Draining        Necr           0%         2d6       100%        3
 Airstrike                Air            0%         2d(0-16)  100%        4
 Ice Form                 Ice/Tmut       0%         N/A       100%        4
 Iskenderun's Mystic Bla  Conj/Tloc      0%         2d3       100%        4
 Petrify                  Tmut/Erth      0%         N/A       100%        4
 Summon Ice Beast         Ice/Summ       0%         N/A       100%        4
 Agony                    Necr           0%         N/A       100%        5
 Irradiate                Conj/Tmut      0%         3d11      100%        5
 Starburst                Conj/Fire      0%         6d3       100%        6
 Ozocubu's Refrigeration  Ice            0%         4d7       100%        7


Dungeon Overview and Level Annotations

Branches:
Dungeon (13/15)            Temple (1/1) D:4            Lair (0/5) D:11
    Orc (0/2) D:11          Sewer (visited)          Bailey (visited)
 Vaults: D:13-14

Altars:
Ashenzari
Cheibriados
Dithmenos
Elyvilon
Fedhas
Gozag
Hepliaklqana
Kikubaaqudgha
Makhleb
Nemelex Xobeh
Okawaru
Qazlal
Ru
Sif Muna
Trog
Uskayaw
Vehumet
Wu Jian
Xom
Yredelemnul
Zin
The Shining One

Shops:
D:1 ?*[((   D:3 [   D:4 *   D:9 =   D:10 **

Portals:
Abyss: D:4

Annotations:
D:4 2 transporters, Taurus's ghost, amateur FeSu
D:9 2 transporters, 0gre's ghost, novice GnIE
D:13 Rupert


Innate Abilities, Weirdness & Mutations

You have a pair of horns on your head.
You reflexively headbutt those who attack you in melee.


Message History

Unknown command.
You slash the white ugly thing! You burn the white ugly thing.
The white ugly thing is severely wounded.
You slash the slime creature! You burn the slime creature. You miss Rupert.
Rupert hits you with a +4 executioner's axe of flaming!
Rupert burns you.
Unknown command.
You are no longer berserk.
You are exhausted.
You feel yourself slow down. The slime creature barely misses you.
The white ugly thing claws you. The white ugly thing freezes you!!
Rupert roars madly and goes into a rage!
Rupert goes berserk!
You feel much better.
You feel less confused. The slime creature barely misses you.
You furiously retaliate!
You headbutt the slime creature, but do no damage.
You block the white ugly thing's attack.
You block Rupert's attack.
The slime creature completely misses you.
You furiously retaliate!
You headbutt the slime creature.
You kill the slime creature!
Unknown command.
Okay, then.
You barely miss Rupert. You headbutt Rupert.
Rupert is severely wounded.
You slash the white ugly thing! You burn the white ugly thing.
You kill the white ugly thing!
Rupert hits you with a +4 executioner's axe of flaming!
Rupert burns you.
Rupert hits you with a +4 executioner's axe of flaming!
* * * LOW HITPOINT WARNING * * *
Rupert burns you.
* * * LOW HITPOINT WARNING * * *
Okay, then.
You barely miss Rupert.
Rupert is severely wounded.
Rupert hits you with a +4 executioner's axe of flaming!!!
You die...
Your body crumbles into a pile of gold.

#####+####
#........#
#.)...<$@+
#......$@#
+........#
#........#
#........#
####+#####


You could see Rupert (berserk).

Vanquished Creatures
  Gastronok (D:8)
  An orc warlord (Bailey)
  An anaconda (D:12)
  A two-headed ogre (D:11)
  Pikel (D:7)
  2 ugly things
  A cyclops (D:11)
  A gargoyle (D:11)
  Maggie (D:9)
  3 kobold demonologists
  2 unseen horrors (D:11)
  4 trolls
  A hornet (D:9)
  9 slime creatures
  Sigmund (D:3)
  A shadow (D:10)
  3 wyverns
  Eustachio (D:4)
  17 yaks
  Grum (D:8)
  3 basilisks (D:11)
  Menkaure (D:5)
  A steam dragon (D:7)
  4 wargs (D:11)
  An acid dragon (D:9)
  9 water moccasins
  7 orc warriors
  3 ice beasts
  2 black bears
  3 sky beasts
  4 ogres
  8 centaurs
  3 phantoms
  4 wolves (D:8)
  A lemure (D:7)
  5 kobold brigands
  2 bullfrogs
  2 necrophages (D:6)
  7 scorpions
  8 wights
  3 killer bees (D:9)
  4 howler monkeys
  3 jellies
  10 orc priests
  Crazy Yiuf (D:5)
  5 hounds
  An iguana (D:5)
  Natasha (thrice) (D:2)
  8 orc wizards
  6 gnolls
  9 adders
  A white imp (D:6)
  2 ufetubi
  2 worms
  3 dart slugs
  27 orcs
  8 ball pythons
  9 endoplasms
  7 giant cockroaches
  6 hobgoblins
  12 jackals
  25 kobolds
  5 quokkas
  11 bats
  5 frilled lizards (D:2)
  17 goblins
  5 rats
329 creatures vanquished.

Vanquished Creatures (others)
  4 fungi
  25 plants
29 creatures vanquished.

Grand Total: 358 creatures vanquished

Notes
Turn   | Place    | Note
-------+----------+-------------------------------------------
     0 | D:1      | retardedninja the Minotaur Fighter began the quest for the
                  | Orb.
     0 | D:1      | Reached XP level 1. HP: 19/19 MP: 0/0
    36 | D:1      | Found Biajuh Pybya's Antique Armour Shoppe.
   124 | D:1      | Found a faded altar of an unknown god.
   264 | D:1      | Found Samoklo's Antique Weapon Boutique.
   360 | D:1      | Reached XP level 2. HP: 27/27 MP: 1/1
   408 | D:1      | Found Arygg's Weapon Emporium.
   453 | D:1      | Found Heusoc's General Store.
   501 | D:1      | Found Ybykhlut's Magic Scroll Shoppe.
   758 | D:2      | Reached skill level 3 in Axes
  1110 | D:2      | Noticed Natasha
  1118 | D:2      | Killed Natasha
  1119 | D:2      | Reached XP level 3. HP: 17/33 MP: 2/2
  1741 | D:2      | Reached XP level 4. HP: 22/41 MP: 3/3
  2337 | D:2      | Noticed Natasha
  2341 | D:2      | Killed Natasha
  2510 | D:2      | Identified a scroll of acquirement
  2510 | D:2      | Acquired the +3 hat of Maskogia {Fly Regen+ MP+9}
  2628 | D:2      | Noticed Natasha
  2634 | D:2      | Killed Natasha
  2635 | D:2      | Reached XP level 5. HP: 42/47 MP: 4/4
  2863 | D:3      | Found an iron altar of Okawaru.
  2863 | D:3      | Found a burning altar of Makhleb.
  2928 | D:3      | Found a bloodstained altar of Trog.
  3136 | D:3      | Reached skill level 4 in Axes
  3188 | D:3      | Found a broken altar of Ashenzari.
  3202 | D:3      | Found Wuupleat's Antique Armour Shop.
  3210 | D:3      | Bought a pair of embroidered boots for 180 gold pieces
  3377 | D:3      | Noticed Sigmund
  3389 | D:3      | Killed Sigmund
  3390 | D:3      | Reached skill level 5 in Fighting
  3390 | D:3      | Reached skill level 5 in Armour
  3390 | D:3      | Reached skill level 5 in Shields
  3390 | D:3      | Reached XP level 6. HP: 56/56 MP: 5/5
  3729 | D:4      | Found a glowing drain.
  3748 | Sewer    | Entered a sewer
  3771 | Sewer    | Noticed a water moccasin
  3779 | Sewer    | Killed a water moccasin
  3780 | Sewer    | Reached skill level 5 in Axes
  3957 | D:4      | Reached XP level 7. HP: 45/62 MP: 6/6
  4067 | D:4      | Found a staircase to the Ecumenical Temple.
  4082 | Temple   | Entered the Ecumenical Temple
  4094 | Temple   | Became a worshipper of Gozag Ym Sagoz the Greedy
  4295 | D:4      | Found Nytsomos's CLEARANCE SALE!.
  4420 | D:4      | Found a one-way gate to the infinite horrors of the Abyss.
  4420 | D:4      | Noticed Taurus's ghost (amateur FeSu)
  4433 | D:4      | Found a transporter.
  4442 | D:4      | Found a transporter.
  4479 | D:4      | Noticed Eustachio
  4499 | D:4      | Killed Eustachio
  4500 | D:4      | Reached skill level 6 in Axes
  4500 | D:4      | Reached XP level 8. HP: 70/71 MP: 7/7
  4520 | D:4      | Found a sacrificial altar of Ru.
  4613 | D:4      | Found a shimmering blue altar of Sif Muna.
  4762 | D:5      | Entered Level 5 of the Dungeon
  4887 | D:5      | Noticed Menkaure
  4894 | D:5      | Killed Menkaure
  5191 | D:5      | Found a runed translucent door.
  5192 | D:5      | Noticed Crazy Yiuf
  5286 | D:5      | Reached skill level 7 in Axes
  5427 | D:5      | Reached XP level 9. HP: 64/81 MP: 8/8
  5680 | D:5      | Killed Crazy Yiuf
  5792 | D:6      | Found a glowing golden altar of the Shining One.
  6223 | D:6      | Reached skill level 8 in Axes
  6971 | D:7      | Found a flagged portal.
  7043 | Bailey   | Entered a bailey
  7048 | Bailey   | Noticed an orc warlord
  7241 | Bailey   | Found a runed translucent gate.
  7243 | Bailey   | Found a runed translucent gate.
  7245 | Bailey   | Found a runed translucent gate.
  7382 | Bailey   | Killed an orc warlord
  7383 | Bailey   | Reached skill level 9 in Axes
  7383 | Bailey   | Reached XP level 10. HP: 89/91 MP: 9/9
  7431 | Bailey   | Reached skill level 14 in Axes
  7431 | Bailey   | Reached XP level 11. HP: 97/97 MP: 10/10
  7773 | D:7      | Reached skill level 15 in Axes
  7906 | D:7      | Noticed Pikel
  7921 | D:7      | Killed Pikel
  7922 | D:7      | Reached skill level 1 in Evocations
  7989 | D:7      | Found a glowing silver altar of Zin.
  7990 | D:7      | Noticed an angel
  8280 | D:8      | Noticed Gastronok
  8302 | D:8      | Killed Gastronok
  8733 | D:8      | Identified the amulet of Eternity {RegenMP Rampage +Blink
                  | rElec}
  9025 | D:8      | Noticed Grum
  9050 | D:8      | Killed Grum
  9051 | D:8      | Reached skill level 10 in Armour
  9104 | D:8      | Reached skill level 10 in Fighting
  9218 | D:8      | Reached skill level 10 in Shields
  9548 | D:9      | Noticed Maggie
  9556 | D:9      | Killed Maggie
 10046 | D:9      | Found an ancient bone altar of Kikubaaqudgha.
 10081 | D:9      | Found a transporter.
 10100 | D:9      | Noticed 0gre's ghost (novice GnIE)
 10296 | D:9      | Reached skill level 16 in Axes
 10454 | D:9      | Found a transporter.
 10508 | D:9      | Found Joyz's Jewellery Shoppe.
 10535 | D:9      | Bought a +4 ring of slaying for 1170 gold pieces
 10751 | D:10     | Entered Level 10 of the Dungeon
 10770 | D:10     | Reached XP level 12. HP: 78/107 MP: 11/11
 10978 | D:10     | Found Ziph's Assorted Antiques.
 10987 | D:10     | Identified the +10 flail of the Forgotten Shrikes {freeze,
                  | rN+}
 11028 | D:10     | Found the +6 arbalest "Damnation" {damnation}
 11029 | D:10     | Found Kaasam's Serpentskin Sales.
 11446 | D:11     | Found a staircase to the Orcish Mines.
 11532 | D:11     | Noticed a two-headed ogre
 11543 | D:11     | Found a staircase to the Lair.
 11550 | D:11     | Killed a two-headed ogre
 11747 | D:11     | Reached skill level 17 in Axes
 12260 | D:12     | Noticed an anaconda
 12260 | D:12     | a slime creature changed into an anaconda
 12268 | D:12     | Killed an anaconda
 12271 | D:12     | Noticed Rupert
 12275 | D:12     | Noticed a boulder beetle
 12566 | D:13     | Mangled by Rupert

Illustrated notes

Levels and vault maps discovered:
D:1:      scummos_arrival_simple_crosswalls, layout_loops_cross,
          shapermc_ecumenical_altar_gd, serial_shops, nicolae_shop_waterfront,
          shop, shop_coins, nicolae_shop_hallway_plus, shop,
          minmay_fountain_box, minmay_pentomino_t2
D:2:      wad_river_or_something, layout_basic, uniq_natasha
D:3:      layout_loops_corners, mainiacjoe_overflow_divided_tiny,
          mainiacjoe_overflow_six_doors_small, nicolae_ashenzari_panopticon,
          serial_shops, nicolae_shop_hallway_stairs, serial_bayou_pond_b,
          uniq_sigmund
D:4:      layout_basic, marbit_many_paths, lemuel_blue_sif_altar,
          minmay_temple_entry_wispy, gammafunk_ghost_abyssal_escape,
          gup_sewer_entry_pipe, roderic_serpentine_path, nicolae_shop_clearance,
          uniq_eustachio
D:5:      minmay_chambers_of_fours, layout_loops_cross, uniq_crazy_yiuf_cottage,
          uniq_menkaure
D:6:      layout_layer_cave, nicolae_tso_carved_into_rock
D:7:      layout_basic, zin_angel, enter_bailey_7, uniq_pikel
D:8:      layout_gridville, uniq_gastronok, uniq_grum
D:9:      layout_irregular_city, mainiacjoe_overflow_paths,
          gammafunk_ghost_stat_death, serial_shops, shop_statue,
          serial_bayou_pond_b, uniq_maggie
D:10:     layout_rooms, serial_shops, shop, guppyfry_shop_venom
D:11:     layout_rooms, minmay_lair_entry_grove, minmay_orc_entry_guard_dogs
D:12:     minmay_angry_zag, layout_cave_pools, uniq_rupert
D:13:     layout_roguey, erik_vaults_1
Temple:   nicolae_temple_ecumenical_triangle

Skill      XL: |  1  2  3  4  5  6  7  8  9 10 11 12 |
---------------+-------------------------------------+-----
Fighting       | 4 5 6 8 9 10 11 | 11.4
Axes           | 3 4 5 6 7 9 14 16 17 | 17.3
Armour         | 4 5 6 8 9 10 11 | 11.4
Shields        | 4 5 6 7 9 10 11 | 11.5
Evocations     | 3 4 |  4.9

Action                   |  1- 3 |  4- 6 |  7- 9 | 10-12 || total
-------------------------+-------+-------+-------+-------++-------
Melee: War axe           |    70 |    99 |   266 |   402 ||   837
       Headbutt          |     9 |    10 |    58 |    84 ||   161
 Fire: Arbalest          |       |       |       |     1 ||     1
Invok: Potion Petition   |       |       |     1 |     1 ||     2
Evoke: Wand              |       |       |       |     2 ||     2
  Use: Scroll            |       |     6 |     8 |    21 ||    35
       Potion            |       |     1 |     5 |     4 ||    10
 Stab: Fleeing           |       |       |     2 |       ||     2
       Distracted        |       |       |     1 |     7 ||     8
       Invisible         |       |       |     1 |       ||     1
Armor: Scale mail        |    35 |    47 |    33 |       ||   115
       Skin              |       |       |     6 |       ||     6
       Chain mail        |       |       |   113 |    84 ||   197
       Plate armour      |       |       |       |   166 ||   166
Dodge: Dodged            |    47 |    46 |   111 |   115 ||   319
Block: Buckler           |    17 |    29 |    68 |   105 ||   219
